 Dungeon Crawl Stone Soup version 0.25-a0-591-g2ad0d861f1 (webtiles) character file.

Game seed: 9440902040576402259, levelgen mode: deterministic

23 Esekla the Charlatan (level 2, 0/14 HPs)
             Began as a Spriggan Artificer on Mar 14, 2020.
             Slain by a gnoll
             ... wielding a +2 whip of pain
              (10 damage)
             ... on level 1 of the Dungeon.
             The game lasted 00:06:52 (1169 turns).

Esekla the Charlatan (Spriggan Artificer)           Turns: 1169, Time: 00:06:53

Health: 0/14       AC:  2    Str:  8    XL:     2   Next: 75%
Magic:  6/6        EV: 19    Int: 12    God:
Gold:   24         SH:  0    Dex: 16    Spells: 3/3 levels left

rFire    . . .     SeeInvis +   a - +0 short sword
rCold    . . .     Gourm    .   (shield restricted)
rNeg     . . .     Faith    .   b - +0 robe
rPois    .         Spirit   .   (helmet restricted)
rElec    .         Reflect  .   (no cloak)
rCorr    .         Harm     .   (gloves unavailable)
MR       .....                  (boots unavailable)
Stlth    ++........             (no amulet)
HPRegen  0.04/turn              (no ring)
MPRegen  0.10/turn              (no ring)

@: very quick
A: very small, unfitting armour, see invisible, herbivore, speed 3, slow
metabolism 2
a: no special abilities


You were on level 1 of the Dungeon.
You were not hungry.

You visited 1 branch of the dungeon, and saw 2 of its levels.

You collected 24 gold pieces.

Inventory:

Hand Weapons
 a - a +0 short sword (weapon)
Armour
 b - a +0 robe (worn)
Jewellery
 h - an uncursed ring of fire
Wands
 c - a wand of flame (15)
 d - a wand of enslavement (15)
 e - a wand of random effects (15)
Scrolls
 j - a scroll of fear {unknown}
 l - 2 scrolls of teleportation {unknown}
 n - a scroll of identify {unknown}
Potions
 g - a potion of stabbing {unknown}
 i - 2 potions of degeneration {unknown}
 k - a potion of invisibility {unknown}
 m - a potion of lignification {unknown}
Comestibles
 f - a ration


   Skills:
 - Level 0.7 Fighting
 * Level 2.0 Short Blades
 * Level 3.7 Dodging
 + Level 2.0 Stealth
 * Level 1.2 Spellcasting
 - Level 4.0 Evocations


You had 3 spell levels left.
You didn't know any spells.
Your spell library was empty.

Dungeon Overview and Level Annotations

Branches:
Dungeon (2/15)

Altars:
Elyvilon


Innate Abilities, Weirdness & Mutations

You are very small and have problems with some larger weapons.
You are too small for most types of armour.
You have supernaturally acute eyesight. (SInv)
You are a herbivore.
You cover ground extremely quickly.
You need to consume almost no food.


Message History

You closely miss the gnoll.
The gnoll is heavily wounded.
The gnoll barely misses you.
You hit the gnoll.
The gnoll is severely wounded.
The gnoll hits you with a +2 whip of pain.
You closely miss the gnoll.
The gnoll is severely wounded.
The gnoll closely misses you.
You hit the gnoll but do no damage.
The gnoll is severely wounded.
The gnoll misses you.
You hit the gnoll.
The gnoll is almost dead.
The gnoll barely misses you.
You closely miss the gnoll.
The gnoll is almost dead.
The gnoll hits you with a +2 whip of pain!
Ouch! That really hurt!
You die...

########### #...[.....###
#.####....+.# #.##......#.#
#.>..##...#.##################
###.........g@..).............
#..#.##+##'###############.##
#..#.##.#.......# #.#
####.......#.......# #.#
#...#.#.####.......# #.#
#.#.#.#######'###'## #.#
##†....#.......##### #.#
................## #.#
#####.>.[........# #.#


You could see a gnoll.

Vanquished Creatures
  4 bats (D:1)
  2 giant cockroaches (D:1)
  7 goblins (D:1)
  A hobgoblin (D:1)
  A kobold (D:1)
  A frilled lizard (D:1)
  5 rats (D:1)
21 creatures vanquished.

Notes
Turn   | Place    | Note
-------+----------+-------------------------------------------
     0 | D:1      | Esekla the Spriggan Artificer began the quest for the Orb.
     0 | D:1      | Reached XP level 1. HP: 9/9 MP: 4/4
   144 | D:1      | Reached XP level 2. HP: 9/14 MP: 6/6
   350 | D:1      | Reached skill level 1 in Spellcasting
   413 | D:2      | Found a white marble altar of Elyvilon.
   611 | D:1      | You fall into a shaft and drop 1 floor!
  1169 | D:1      | Slain by a gnoll

Levels and vault maps discovered:
D:1:      sevenhm_arrival_forest_fort_small_3, layout_basic, serial_park_tiny_1
D:2:      layout_rooms, overflow_temple_1_default, first_ration,
          corexii_leaking_fountain, xom_redecorated, uniq_terence, uniq_robin

Skill      XL: |  1  2 |
---------------+-------+-----
Spellcasting   | 1 |  1.2
Stealth        | 2 |  2.0
Short Blades   | 2 |  2.0
Fighting       | |  0.7
Dodging        | |  3.7
Evocations     | |  4.0

Action                   || total
-------------------------++-------
Melee: Short sword       ||    99
 Stab: Sleeping          ||     2
Armor: Robe              ||    14
Dodge: Dodged            ||    84

Table legend:
 A = Non-vault XP
 B = Vault XP
 C = Vault XP percentage of total XP
 D = Non-vault monster count
 E = Vault monster count
 F = Vault count percentage of total count
                 A         B        C        D         E       F
            +---------+---------+-------+---------+---------+-------
      Total |      30 |       4 |  11.8 |      19 |       2 |   9.5
            +---------+---------+-------+---------+---------+-------
        D:1 |      30 |       4 |  11.8 |      19 |       2 |   9.5
            +---------+---------+-------+---------+---------+-------
